 Dungeon Crawl Stone Soup version 0.24.0-123-gd5b16e6ec5 (webtiles) character file.

Game seed: 14799961336122497876, levelgen mode: deterministic

92 brucemayne the Chopper (level 4, 0/39 HPs)
             Began as a Hill Orc Monk on Jan 26, 2020.
             Slain by Pikel
             ... wielding a +1 whip of flaming
              (4 damage)
             ... on level 4 of the Dungeon.
             The game lasted 00:02:51 (846 turns).

brucemayne the Chopper (Hill Orc Monk)               Turns: 846, Time: 00:02:51

Health: 0/39       AC:  5    Str: 11 (14) XL:     4   Next: 60%
Magic:  4/4        EV: 11    Int:  9 (10) God:
Gold:   92         SH:  0    Dex: 11 (13) Spells: 3/3 levels left

rFire    . . .     SeeInvis .   l - +0 dagger (venom)
rCold    . . .     Gourm    .   (no shield)
rNeg     . . .     Faith    .   k - +0 ring mail
rPois    .         Spirit   .   (no helmet)
rElec    .         Reflect  .   (no cloak)
rCorr    .         Harm     .   (no gloves)
MR       .....                  (no boots)
Stlth    +.........             (no amulet)
HPRegen  0.13/turn              (no ring)
MPRegen  0.09/turn              (no ring)

@: no status effects
A: no striking features
a: no special abilities


You were on level 4 of the Dungeon.
You were not hungry.

You visited 1 branch of the dungeon, and saw 4 of its levels.

You collected 92 gold pieces.

Inventory:

Hand Weapons
 a - a +0 hand axe
 l - a +0 dagger of venom (weapon)
Missiles
 e - 3 boomerangs (quivered)
 g - 28 poisoned darts
 o - 6 javelins
Armour
 b - a +0 robe
 k - a +0 ring mail (worn)
Scrolls
 d - 3 scrolls of random uselessness {unknown}
 f - a scroll of amnesia {unknown}
 m - 2 scrolls of identify {unknown}
 n - a scroll of remove curse {unknown}
 r - a scroll of teleportation {unknown}
Potions
 j - a potion of resistance {unknown}
 p - a potion of brilliance {unknown}
 q - a potion of heal wounds {unknown}
 s - a potion of agility {unknown}
Comestibles
 c - 2 rations


   Skills:
 - Level 3.6 Fighting
 + Level 6.9 Axes
 - Level 2.4 Dodging
 - Level 1.5 Stealth


You had 3 spell levels left.
You didn't know any spells.
Your spell library contained the following spells:

 Spells                   Type           Power        Failure   Level  Hunger
 Magic Dart               Conj           #...         69%         1    ##.....
 Blink                    Tloc           N/A          83%         2    ###....
 Call Imp                 Summ           #.......     83%         2    ###....
 Slow                     Hex            #.......     83%         2    ###....
 Conjure Flame            Conj/Fire      #.......     96%         3    ####...
 Mephitic Cloud           Conj/Pois/Air  #.......     96%         3    ####...


Dungeon Overview and Level Annotations

Branches:
Dungeon (4/15)
 Temple: D:4-7

Altars:
Nemelex Xobeh

Annotations:
D:4 Pikel


Message History

There was something very wrong with that liquid.
You feel weakened.
You feel dopey.
You feel clumsy.
It was a potion of magic.
Magic courses through your body. Pikel closely misses you.
Press: ? - help, v - describe, . - travel
Here: Pikel, wielding a +1 whip of flaming, wearing a +0 robe and carrying a wand of scattershot (6) (fast)
The floor.
You hit Pikel but do no damage.
Pikel is poisoned.
Pikel hits you with a +1 whip of flaming.
Pikel burns you. Pikel hits you but does no damage.
You closely miss Pikel.
Pikel is lightly wounded.
Pikel hits you with a +1 whip of flaming.
Pikel burns you.
You hit Pikel.
Pikel looks as sick as possible!
Pikel is lightly wounded.
Pikel hits you with a +1 whip of flaming!
* * * LOW HITPOINT WARNING * * *
Pikel burns you.
You die...

#.# #.# ###########
#.# #.......... #.#
#.#.###### #.#
####.#.#### #.#
#....#....#### #.#
#.#######....# #.# ..
#....#pK@.##.# #.#
....#######..#.#####.#
#.# .........##..#.#
#.# #.#
.#######....pK.# #.#
#.# ...........####
#.# #.# ############
#.##########.#
#............#
##############


You could see Pikel and a slave.

Vanquished Creatures
  An orc wizard (D:4)
  An iguana (D:4)
  An adder (D:4)
  A dart slug (D:1)
  A leopard gecko (D:4)
  2 orcs (D:4)
  3 goblins
  3 hobgoblins
  3 kobolds (D:1)
  3 bats (D:1)
  4 frilled lizards
  A rat (D:3)
24 creatures vanquished.

Notes
Turn   | Place    | Note
-------+----------+-------------------------------------------
     0 | D:1      | brucemayne the Hill Orc Monk began the quest for the Orb.
     0 | D:1      | Reached XP level 1. HP: 19/19 MP: 1/1
   167 | D:1      | Reached XP level 2. HP: 22/26 MP: 2/2
   207 | D:1      | Reached skill level 5 in Axes
   599 | D:3      | Found a sparkling altar of Nemelex Xobeh.
   651 | D:4      | Reached XP level 3. HP: 21/31 MP: 3/3
   679 | D:4      | Reached skill level 6 in Axes
   679 | D:4      | Reached XP level 4. HP: 14/39 MP: 4/4
   828 | D:4      | Noticed a slave
   830 | D:4      | Noticed Pikel
   846 | D:4      | Slain by Pikel

Levels and vault maps discovered:
D:1:      dpeg_arrival_rhombi, layout_rooms
D:2:      layout_basic, ashenzari_altar_1
D:3:      minmay_roachtagon, layout_basic, lemuel_doored_altar
D:4:      layout_loops_ring, serial_shops, nicolae_shop_waterfront,
          uniq_duvessa, uniq_pikel, uniq_grinder

Skill      XL: |  1  2  3 |
---------------+----------+-----
Axes           | 5 6 |  6.9
Fighting       | |  3.6
Dodging        | |  2.4
Stealth        | |  1.5

Action                   |  1- 3 |  4- 6 || total
-------------------------+-------+-------++-------
Melee: Hand axe          |    67 |       ||    67
       Dagger            |     6 |    11 ||    17
  Use: Potion            |       |     2 ||     2
 Stab: Sleeping          |     1 |       ||     1
Armor: Robe              |     7 |       ||     7
       Ring mail         |    11 |     2 ||    13
Dodge: Dodged            |    51 |     3 ||    54
